 Dungeon Sprint DCSS version 0.17-a0-1528-gfee3901 (webtiles) character file.

10602 ztt the Ninja (level 11, 0/52 HPs)
             Began as a Spriggan Enchanter on July 15, 2015.
             Was the Champion of Sif Muna.
             Succumbed to poison (dark miasma)
             ... in the Dungeon (Sprint III: "The Ten Rune Challenge").
             The game lasted 00:13:57 (3076 turns).

ztt the Ninja (Spriggan Enchanter)                  Turns: 3076, Time: 00:13:58

Health: 0/52       AC:  4    Str:  4    XL:     11   Next: 38%
Magic:  29/29      EV: 25    Int: 19    God:    Sif Muna [******]
Gold:   3351       SH:  0    Dex: 18    Spells: 6 memorised, 20 levels left

rFire  . . .     SeeInvis +     a - +1 dagger
rCold  . . .     Clarity  .     b - +1 robe
rNeg   . . .     SustAt   .     (shield restricted)
rPois  .         Gourm    .     (helmet restricted)
rElec  .         Spirit   .     l - +0 cloak
rCorr  .         Warding  .     (gloves unavailable)
rMut   .         NoTele   +     (boots unavailable)
MR     +....                    t - amulet "Ulezee" {Faith SInv}
Stlth  ++++++++++               (no ring)
                                (no ring)

@: lethally poisoned (0 -> -22), very quick, somewhat resistant to hostile
enchantments, uncannily stealthy
A: unfitting armour, see invisible, herbivore 3, speed 3, slow metabolism 2
a: Channel Energy, Forget Spell, Renounce Religion


You were in the Dungeon.
You worshipped Sif Muna.
Sif Muna was exalted by your worship.
You were not hungry.

You visited 1 branch You collected 3991 gold pieces.
You spent 640 gold pieces at shops.

Inventory:

Hand weapons
 a - a +1 dagger (weapon)
Armour
 b - a +1 robe (worn)
 l - a +0 cloak (worn)
Jewellery
 t - the amulet "Ulezee" (around neck) {Faith SInv}
   (You bought it in a shop in the Dungeon)

   [amulet of faith]

   It allows you to gain divine favour quickly.
   It lets you see invisible.
Magical devices
 r - a wand of confusion (19)
Scrolls
 j - a scroll of blinking
 o - 3 scrolls of remove curse
 u - a scroll of identify
Potions
 g - 2 potions of haste
 h - 2 potions of magic
 k - a potion of brilliance
 m - 3 potions of berserk rage
 n - a potion of might
 p - a potion of cure mutation
 q - a potion of flight
Books
 c - a book of Maledictions

   Spells                             Type                      Level
   a - Corona                         Hexes                        1
   b - Ensorcelled Hibernation        Hexes/Ice                    2
   c - Confuse                        Hexes                        3
   d - Tukima's Dance                 Hexes                        3
   e - Dazzling Spray                 Conjuration/Hexes            3
 i - a Grand Grimoire

   Spells                             Type                      Level
   a - Monstrous Menagerie            Summoning                    6
   b - Summon Greater Demon           Summoning                    7
   c - Malign Gateway                 Summoning/Translocation      7
   d - Summon Horrible Things         Summoning                    8
 v - Sif Muna's Collected Works on Beguiling
   (Sif Muna gifted it to you in the Dungeon)

   Spells                             Type                      Level
   a - Slow                           Hexes                        2
   b - Leda's Liquefaction            Hexes/Earth                  4
   c - Cause Fear                     Hexes                        4
   d - Summon Mana Viper              Hexes/Summoning              5
   e - Metabolic Englaciation         Hexes/Ice                    5
 w - Sif Muna's Collected Works on Malediction
   (Sif Muna gifted it to you in the Dungeon)

   Spells                             Type                      Level
   a - Confusing Touch                Hexes                        2
   b - Slow                           Hexes                        2
   c - Gell's Gravitas                Hexes/Translocation          3
   d - Cause Fear                     Hexes                        4
   e - Discord                        Hexes                        8
Comestibles
 d - 3 bread rations
 s - 24 royal jellies


   Skills:
 + Level 3.4 Fighting
 + Level 4.9 Short Blades
 + Level 8.8 Dodging
 O Level 27 Stealth
 + Level 13.7 Spellcasting
 + Level 15.1 Hexes
 + Level 4.5 Ice Magic


You had 20 spell levels left.
You knew the following spells:

 Your Spells              Type           Power        Failure   Level  Hunger
a - Corona                Hex            ######.      0%          1    None
b - Ensorcelled Hibernat  Hex/Ice        ######       1%          2    None
c - Confuse               Hex            ######..     1%          3    None
d - Tukima's Dance        Hex            ######..     1%          3    None
e - Dazzling Spray        Conj/Hex       #####...     1%          3    None
f - Summon Mana Viper     Hex/Summ       #####...     8%          5    ####...


Dungeon Overview and Level Annotations

Branches:
Dungeon (1/1)

Altars:
Cheibriados
Dithmenos
Elyvilon
Fedhas
Gozag
Kikubaaqudgha
Makhleb
Nemelex Xobeh
Okawaru
Qazlal
Ru
Sif Muna
Trog
Vehumet
Xom
Yredelemnul
Zin
The Shining One
Jiyva
Lugonu

Shops:
D *


Innate Abilities, Weirdness & Mutations

You are tiny and cannot use many weapons and most armour.
You have supernaturally acute eyesight.
You are a herbivore.
You cover ground extremely quickly.
You need consume almost no food.


Message History

You feel sick.
* * * LOW HITPOINT WARNING * * *
You feel sick.
* * * LOW HITPOINT WARNING * * *
You feel sick.
* * * LOW HITPOINT WARNING * * *
You feel sick.
There is an open door here.
* * * LOW HITPOINT WARNING * * *
You feel sick.
* * * LOW HITPOINT WARNING * * *
You feel sick.
* * * LOW HITPOINT WARNING * * *
You feel sick.
You see here an arrow.
* * * LOW HITPOINT WARNING * * *
You feel sick.
There is an open door here.
You see here 2 arrows.
You die...

######## #.#.###.######## ##
#__[#__###..#..#..'.#...# e..
#..)#._#.........##.#...##≈≈≈≈
#'###'##.....))..##.#...≈≈≈....
.......#..........#.#...##≈≈≈≈#
.......#)###.##∩###.'...# e..+
######'#.)##.....######## ###
#__#...#(########################
#__#...#..§§§§§#@((..'.#.#.#)'...
#__#...#.#§§§#§#.#(..##.#.#.##...
#__#)..))#.§§#§#.#)..#.#.#.#.#...
#_.'...#)#§).#†..#...##.#.#.##...
▓▓▓▓▓▓▓▓▓▓▓▓▓▓▓▓▓▓▓▓▓#.#.#.#.#...
♣♣≈≈≈........≈≈≈...##.#.#.##...
+♣♣'♣≈≈≈≈≈≈≈≈≈≈≈≈♣♣..'†#.#.#.#...
#l≈♣♣♣♣♣♣♣♣♣♣♣♣♣♣♣♣..##.#.#.#####
#..♣ ♣♣♣##'########


There were no monsters in sight!

Vanquished Creatures
  Harold (D)
  Erica (D)
  A centaur warrior (D)
  A deep elf knight (D)
  An unseen horror (D)
  2 deep elf summoners (D)
  Joseph (D)
  An orc sorcerer (D)
  2 spiny frogs (D)
  A komodo dragon (D)
  3 deep elf priests (D)
  A queen bee (D)
  3 wandering mushrooms (D)
  A shadow (D)
  A spatial vortex (D)
  An orc warrior (D)
  A necrophage (D)
  2 centaurs (D)
  An earth elemental (D)
  A water elemental (D)
  28 killer bees (D)
  A wizard (D)
  An orc wizard (D)
  Crazy Yiuf (D)
  A jelly (D)
  Jessica (D)
  5 orc priests (D)
  A necromancer (D)
  A kobold demonologist (D)
  3 humans (D)
  13 orcs (D)
  2 rats (D)
85 creatures vanquished.

Vanquished Creatures (collateral kills)
  4 killer bees (D)
  A plant (D)
5 creatures vanquished.

Vanquished Creatures (others)
  2 draconian scorchers (D)
  2 yaktaurs (D)
  An orc high priest (D)
  An electric eel (D)
  14 plants (D)
20 creatures vanquished.

Grand Total: 110 creatures vanquished

Notes
Turn   | Place    | Note
--------------------------------------------------------------
     0 | D        | ztt the Spriggan Enchanter began the quest for the Orb.
     0 | D        | Reached XP level 1. HP: 9/9 MP: 5/5
    24 | D        | Noticed Jessica
    44 | D        | Killed Jessica
    44 | D        | Reached skill level 8 in Stealth
    44 | D        | Reached skill level 5 in Hexes
    44 | D        | Reached XP level 2. HP: 1/13 MP: 7/7
   158 | D        | Killed a yaktaur
   327 | D        | Killed a white draconian scorcher
   345 | D        | Noticed Crazy Yiuf
   348 | D        | Killed Crazy Yiuf
   348 | D        | Reached skill level 9 in Stealth
   348 | D        | Reached XP level 3. HP: 15/17 MP: 9/9
   369 | D        | Learned a level 2 spell: Ensorcelled Hibernation
   373 | D        | Learned a level 3 spell: Confuse
   377 | D        | Killed an electric eel
   418 | D        | Killed a white draconian scorcher
   421 | D        | Reached XP level 4. HP: 21/21 MP: 7/11
   437 | D        | Gained mutation: Your body sometimes deteriorates upon taking damage. [potion of mutation]
   437 | D        | Gained mutation: You are weak. (Str -2) [potion of mutation]
   437 | D        | Gained mutation: You are partially covered in iridescent scales (AC +4). [potion of mutation]
   438 | D        | Lost mutation: Your body sometimes deteriorates upon taking damage. [potion of cure mutation]
   438 | D        | Lost mutation: You are weak. (Str -2) [potion of cure mutation]
   438 | D        | Lost mutation: You are partially covered in iridescent scales (AC +4). [potion of cure mutation]
   439 | D        | Gained mutation: You can breathe flames. [potion of mutation]
   439 | D        | Gained mutation: You are resistant to electric shocks. [potion of mutation]
   440 | D        | Gained mutation: Your spells are a little easier to cast, but a little less powerful. [potion of mutation]
   440 | D        | Lost mutation: You can breathe flames. [potion of mutation]
   440 | D        | Gained mutation: Your spells are easier to cast, but less powerful. [potion of mutation]
   441 | D        | Lost mutation: Your spells are easier to cast, but less powerful. [potion of cure mutation]
   441 | D        | Lost mutation: Your spells are a little easier to cast, but a little less powerful. [potion of cure mutation]
   441 | D        | Lost mutation: You are resistant to electric shocks. [potion of cure mutation]
   582 | D        | Noticed a water elemental
   657 | D        | Killed a water elemental
   657 | D        | Reached skill level 11 in Stealth
   839 | D        | Found a glowing silver altar of Zin.
   840 | D        | Found a glowing golden altar of the Shining One.
   840 | D        | Found a white marble altar of Elyvilon.
   840 | D        | Noticed a deep elf priest
   842 | D        | Killed a deep elf priest
   842 | D        | Reached skill level 1 in Fighting
   842 | D        | Reached skill level 5 in Dodging
   842 | D        | Reached skill level 14 in Stealth
   842 | D        | Reached XP level 5. HP: 23/25 MP: 12/15
   842 | D        | Reached XP level 6. HP: 27/30 MP: 12/16
   847 | D        | Learned a level 3 spell: Tukima's Dance
   851 | D        | Learned a level 3 spell: Dazzling Spray
   874 | D        | Found a radiant altar of Vehumet.
   875 | D        | Found a deep blue altar of Sif Muna.
   875 | D        | Found an ancient bone altar of Kikubaaqudgha.
   875 | D        | Noticed a wizard
   876 | D        | Killed a wizard
   878 | D        | Reached skill level 15 in Stealth
   880 | D        | Became a worshipper of Sif Muna the Loreminder
   889 | D        | Found an iron altar of Okawaru.
   889 | D        | Found a bloodstained altar of Trog.
   889 | D        | Noticed a human
   890 | D        | Noticed a human
   892 | D        | Killed a human
   892 | D        | Reached skill level 16 in Stealth
   892 | D        | Reached XP level 7. HP: 34/34 MP: 16/18
   893 | D        | Killed a human
   893 | D        | Reached skill level 10 in Hexes
   911 | D        | Found a basalt altar of Yredelemnul.
   911 | D        | Found a snail-covered altar of Cheibriados.
   911 | D        | Found a blossoming altar of Fedhas.
   911 | D        | Noticed a necrophage
   911 | D        | Noticed a necromancer
   913 | D        | Killed a necrophage
   913 | D        | Acquired Sif Muna's first power
   913 | D        | Reached skill level 17 in Stealth
   914 | D        | Killed a necromancer
   923 | D        | Noticed a jelly
   924 | D        | Noticed a shadow
   926 | D        | Killed a shadow
   926 | D        | Reached skill level 18 in Stealth
   930 | D        | Killed a jelly
   936 | D        | Found a stormy altar of Qazlal.
   936 | D        | Found a sacrificial altar of Ru.
   936 | D        | Found a burning altar of Makhleb.
   936 | D        | Found a shimmering altar of Xom.
   936 | D        | Noticed a spatial vortex
   937 | D        | Found a viscous altar of Jiyva.
   937 | D        | Found a shadowy altar of Dithmenos.
   937 | D        | Found a sparkling altar of Nemelex Xobeh.
   937 | D        | Found a corrupted altar of Lugonu.
   937 | D        | Found an opulent altar of Gozag.
   938 | D        | Killed a spatial vortex
   938 | D        | Reached XP level 8. HP: 39/39 MP: 21/21
   945 | D        | Noticed Erica
   948 | D        | Killed Erica
   948 | D        | Acquired Sif Muna's second power
   948 | D        | Reached skill level 20 in Stealth
   952 | D        | Noticed an earth elemental
   955 | D        | Killed an earth elemental
   955 | D        | Reached skill level 21 in Stealth
   960 | D        | Noticed a centaur
   960 | D        | Noticed a centaur warrior
   960 | D        | Noticed a centaur
   962 | D        | Killed a centaur
  1014 | D        | Killed a centaur warrior
  1014 | D        | Reached skill level 22 in Stealth
  1014 | D        | Reached XP level 9. HP: 43/43 MP: 19/23
  1036 | D        | Killed a centaur
  1040 | D        | Noticed an unseen horror
  1041 | D        | Killed an unseen horror
  1041 | D        | Reached skill level 23 in Stealth
  1072 | D        | Noticed an orc sorcerer
  1072 | D        | Noticed an orc priest
  1072 | D        | Noticed an orc warrior
  1072 | D        | Noticed an orc wizard
  1072 | D        | Noticed an orc priest
  1104 | D        | Killed an orc priest
  1111 | D        | Killed an orc priest
  1147 | D        | Killed an orc wizard
  1298 | D        | Found Sabrel's General Store.
  1324 | D        | Killed an orc sorcerer
  1324 | D        | Reached skill level 24 in Stealth
  1324 | D        | Reached skill level 1 in Ice Magic
  1480 | D        | Killed an orc warrior
  1485 | D        | Bought the amulet "Ulezee" {Faith SInv} for 563 gold pieces
  1485 | D        | Bought a bread ration for 55 gold pieces
  1485 | D        | Bought a scroll of identify for 22 gold pieces
  1499 | D        | Noticed a deep elf priest
  1499 | D        | Noticed a deep elf knight
  1499 | D        | Noticed a deep elf priest
  1499 | D        | Noticed a deep elf summoner
  1499 | D        | Noticed a deep elf summoner
  1564 | D        | Killed a deep elf priest
  1564 | D        | Reached XP level 10. HP: 49/49 MP: 21/24
  1580 | D        | Killed a deep elf summoner
  1580 | D        | Reached skill level 10 in Spellcasting
  1618 | D        | Killed a deep elf priest
  1618 | D        | Acquired Sif Muna's third power
  1735 | D        | Killed a yaktaur
  1804 | D        | Killed a deep elf summoner
  1804 | D        | Reached skill level 25 in Stealth
  2002 | D        | Killed a deep elf knight
  2018 | D        | Noticed a deep elf demonologist
  2023 | D        | Noticed a deep elf conjurer
  2081 | D        | Noticed a killer bee
  2081 | D        | Noticed a killer bee
  2081 | D        | Noticed a killer bee
  2081 | D        | Noticed a killer bee
  2081 | D        | Noticed a killer bee
  2081 | D        | Noticed a killer bee
  2081 | D        | Noticed a killer bee
  2081 | D        | Noticed a killer bee
  2081 | D        | Noticed a killer bee
  2081 | D        | Noticed a killer bee
  2081 | D        | Noticed a killer bee
  2081 | D        | Noticed a killer bee
  2081 | D        | Noticed a killer bee
  2081 | D        | Noticed a killer bee
  2081 | D        | Noticed a killer bee
  2082 | D        | Noticed a killer bee
  2082 | D        | Noticed a killer bee
  2082 | D        | Noticed a killer bee
  2082 | D        | Noticed a killer bee
  2082 | D        | Noticed a killer bee
  2082 | D        | Noticed a killer bee
  2082 | D        | Noticed a killer bee
  2082 | D        | Noticed a killer bee
  2082 | D        | Noticed a killer bee
  2082 | D        | Noticed a killer bee
  2082 | D        | Noticed a killer bee
  2082 | D        | Noticed a killer bee
  2082 | D        | Noticed a killer bee
  2082 | D        | Noticed a killer bee
  2082 | D        | Noticed a killer bee
  2082 | D        | Noticed a killer bee
  2082 | D        | Noticed a killer bee
  2082 | D        | Noticed a queen bee
  2093 | D        | Killed a killer bee
  2101 | D        | Killed a killer bee
  2107 | D        | Killed a killer bee
  2117 | D        | Killed a killer bee
  2123 | D        | Killed a killer bee
  2130 | D        | Killed a killer bee
  2132 | D        | Killed a killer bee
  2137 | D        | Killed a killer bee
  2144 | D        | Killed a killer bee
  2170 | D        | Killed a killer bee
  2174 | D        | Killed a killer bee
  2199 | D        | Killed a killer bee
  2202 | D        | Killed a killer bee
  2207 | D        | Killed a killer bee
  2222 | D        | Killed a killer bee
  2271 | D        | Killed a killer bee
  2293 | D        | Killed a killer bee
  2345 | D        | Killed a killer bee
  2352 | D        | Killed a killer bee
  2355 | D        | Killed a killer bee
  2364 | D        | Killed a killer bee
  2373 | D        | Killed a killer bee
  2392 | D        | Killed a killer bee
  2415 | D        | Killed a killer bee
  2426 | D        | Killed a killer bee
  2433 | D        | Killed a queen bee
  2435 | D        | Killed a killer bee
  2435 | D        | Reached skill level 26 in Stealth
  2437 | D        | Killed a killer bee
  2440 | D        | Killed a killer bee
  2442 | D        | Killed a killer bee
  2445 | D        | Killed a killer bee
  2447 | D        | Killed a killer bee
  2447 | D        | Received a gift from Sif Muna
  2450 | D        | Identified Sif Muna's Collected Works on Beguiling (Sif Muna gifted it to you in the Dungeon)
  2504 | D        | Killed a killer bee
  2653 | D        | Noticed a wandering mushroom
  2655 | D        | Noticed a wandering mushroom
  2656 | D        | Noticed a wandering mushroom
  2665 | D        | Killed a wandering mushroom
  2672 | D        | Killed a wandering mushroom
  2678 | D        | Killed a wandering mushroom
  2678 | D        | Reached XP level 11. HP: 38/52 MP: 5/28
  2802 | D        | Learned a level 5 spell: Summon Mana Viper
  2802 | D        | Noticed a spiny frog
  2802 | D        | Noticed a komodo dragon
  2802 | D        | Noticed a spiny frog
  2828 | D        | Killed a spiny frog
  2831 | D        | Killed a spiny frog
  2834 | D        | Killed a komodo dragon
  2904 | D        | Noticed Harold
  2904 | D        | Noticed Joseph
  2908 | D        | Killed Harold
  2908 | D        | Received a gift from Sif Muna
  2908 | D        | Reached skill level 27 in Stealth
  2909 | D        | Killed Joseph
  2909 | D        | Reached skill level 15 in Hexes
  2910 | D        | Identified Sif Muna's Collected Works on Malediction (Sif Muna gifted it to you in the Dungeon)
  2917 | D        | Noticed a yaktaur captain
  2917 | D        | Noticed an orc priest
  2918 | D        | Noticed a yaktaur captain
  2918 | D        | Noticed an orc priest
  2920 | D        | Noticed an orc high priest
  2920 | D        | Noticed an orc priest
  2960 | D        | Killed an orc priest
  2990 | D        | Killed an orc priest
  2992 | D        | Killed an orc priest
  3058 | D        | Killed an orc high priest
  3075 | D        | HP: 1/52 [poison (dark miasma)]
  3076 | D        | Succumbed to poison (dark miasma)

Vault maps used:
D:        dungeon_sprint_mu

Action                   |  1- 3 |  4- 6 |  7- 9 | 10-12 || total
-------------------------+-------+-------+-------+-------++-------
Melee: Dagger            |    15 |    12 |    41 |    71 ||   139
 Cast: Corona            |     1 |       |       |       ||     1
       Confuse           |     1 |     3 |     7 |    26 ||    37
       Ensorcelled Hiber |       |       |    19 |    48 ||    67
  Use: Potion            |       |     6 |       |     2 ||     8
       Scroll            |       |     4 |       |       ||     4
 Stab: Sleeping          |     3 |     4 |    25 |    34 ||    66
       Confused          |     2 |       |     3 |     8 ||    13
       Distracted        |       |       |     1 |       ||     1
  Eat: Royal jelly       |       |       |       |     1 ||     1
